 Dungeon Crawl Stone Soup version 0.16-a0-3122-gccf308e (webtiles) character file.

18 myeffort the Ogre Mage (level 2, -10/24 HPs)
             Began as an Ogre Wizard on Dec 13, 2014.
             Killed from afar by Terence (13 damage)
             ... with a wand of frost
             ... on level 2 of the Dungeon.
             The game lasted 00:01:32 (1166 turns).

myeffort the Ogre Mage (Ogre Wizard)                Turns: 1166, Time: 00:01:32

Health: -10/24     AC:  3    Str: 11    XL:     2   Next: 66%
Magic:  2/7        EV:  9    Int: 17    God:
Gold:   21         SH:  0    Dex:  8    Spells: 2 memorised, 7 levels left

rFire  . . .     SeeInvis .     g - +0 club
rCold  . . .     Clarity  .     a - +0 robe
rNeg   . . .     SustAb   .     (shield restricted)
rPois  .         Gourm    .     b - +0 hat
rElec  .         Spirit   .     (no cloak)
rCorr  .         Warding  .     (gloves unavailable)
rMut   .         Stasis   .     (boots unavailable)
MR     .....                    (no amulet)
Stlth  +.........               (no ring)
                                (no ring)

@: not resistant to hostile enchantments, very unstealthy
A: unfitting armour, tough skin 1
a: no special abilities


You were on level 2 of the Dungeon.
You were hungry.

You visited 1 branch of the dungeon, and saw 2 of its levels.

You collected 21 gold pieces.

Inventory:

Hand weapons
 g - a +0 club (weapon)
Missiles
 e - 17 poisoned needles
Armour
 a - a +0 robe (worn)
 b - a +0 hat (worn)
Jewellery
 i - an uncursed ring of magical power {unknown}
 m - an uncursed amulet of the gourmand {unknown}
Scrolls
 h - a scroll of enchant weapon {unknown}
 j - a scroll of recharging {unknown}
 k - a scroll of remove curse {unknown}
 l - 2 scrolls of teleportation {unknown}
Potions
 n - a potion of curing {unknown}
Books
 c - a book of Minor Magic

   Spells                             Type                      Level
   a - Magic Dart                     Conjuration                  1
   b - Blink                          Translocation                2
   c - Call Imp                       Summoning                    2
   d - Repel Missiles                 Charms/Air                   2
   e - Slow                           Hexes                        2
   f - Conjure Flame                  Conjuration/Fire             3
   g - Mephitic Cloud                 Conjuration/Poison/Air       3
Comestibles
 d - a meat ration
 f - a bread ration
 o - 5 chunks of flesh


   Skills:
 - Level 1.7 Dodging
 - Level 1.5 Stealth
 + Level 4.5 Spellcasting
 - Level 0.6 Conjurations
 - Level 0.6 Summonings
   Level 0.6 Translocations


You had 7 spell levels left.
You knew the following spells:

 Your Spells              Type           Power        Failure   Level  Hunger
a - Magic Dart            Conj           #...         14%         1    None
b - Call Imp              Summ           #.......     21%         2    ##.....


Dungeon Overview and Level Annotations

Branches:
Dungeon (2/15)

Altars:

Annotations:
D:2 Terence


Innate Abilities, Weirdness & Mutations

You are too large for most types of armour.
You have tough skin (AC +1).


Message History

Your crimson imp dies!
Your crimson imp blinks!
Your shadow imp barely misses Terence.
Your crimson imp hits Terence but does no damage.
Your shadow imp hits Terence but does no damage.
Your crimson imp hits Terence.
Terence zaps a wand.
The puff of frost hits you!
* * * LOW HITPOINT WARNING * * *
Your shadow imp hits Terence.
Casting: Call Imp
Confirm with . or Enter, or press ? or * to list all spells.
You don't have enough magic to cast that spell.
Your crimson imp closely misses Terence.
Your shadow imp gestures at Terence.
Terence barely resists.
Your shadow imp hits Terence.
Terence zaps a wand.
The puff of frost misses you.
Your shadow imp barely misses Terence.
Terence zaps a wand.
The puff of frost hits you!
Ouch! That really hurt!
You die...

## ..
######.#####
#.......<..#
..####.###@#
.. #.# ##
#.# #.#
#...@.#
##.#5.# ..
.5.# ##
5...# #.....


You could see Terence, a friendly crimson imp and a friendly shadow imp.

Vanquished Creatures
  3 hobgoblins (D:1)
  2 kobolds (D:1)
  2 giant cockroaches (D:1)
  A giant newt (D:1)
  7 goblins (D:1)
  2 rats
17 creatures vanquished.

Vanquished Creatures (others)
  A crimson imp (D:2)
1 creature vanquished.

Grand Total: 18 creatures vanquished

Notes
Turn   | Place    | Note
--------------------------------------------------------------
     0 | D:1      | myeffort, the Ogre Wizard, began the quest for the Orb.
     0 | D:1      | Reached XP level 1. HP: 16/16 MP: 4/4
   199 | D:1      | Reached skill level 4 in Spellcasting
   321 | D:1      | Reached XP level 2. HP: 13/24 MP: 4/7
   366 | D:1      | Learned a level 2 spell: Call Imp
  1154 | D:2      | Noticed Terence
  1166 | D:2      | Killed from afar by Terence

Action                   || total
-------------------------++-------
Melee: Unarmed           ||     8
       Club              ||    34
 Cast: Magic Dart        ||    21
       Call Imp          ||     3
